 Dungeon Crawl Stone Soup version 0.30-a0-1043-g60ff8d5f49 (webtiles) character file.

Game seed: 2291265973722139675

149 sugarbear the Magician (level 5, -8/35 HPs)
             Began as a Djinni Conjurer on Apr 10, 2023.
             Mangled by an ice beast (10 damage)
             ... on level 3 of the Dungeon.
             The game lasted 00:04:05 (2283 turns).

sugarbear the Magician (Djinni Conjurer)            Turns: 2283, Time: 00:04:05

Health: -8/35      AC:  5    Str:  6    XL:     5   Next: 57%
Gold:   75         EV: 12    Int: 22    God:
                   SH:  0    Dex: 11

rFire   + + .      SeeInvis .    (no weapon)
rCold   x . .      Faith    .    (no shield)
rNeg    . . .      Spirit   .    a - +0 robe
rPois   ∞          Reflect  .    q - +2 hat
rElec   .          Rampage  .    i - +0 cloak
rCorr   .                        (no gloves)
Will    .....                    (boots unavailable)
Stlth   ++                       (no amulet)
HPRegen 0.25/turn                (no ring)
MPRegen 0.00/turn                (no ring)

@: flying, very slightly contaminated
A: sickness immunity, fire resistance 2, cold vulnerability 1, float, innate
caster, HP casting, extra vitality 1
a: no special abilities


You were on level 3 of the Dungeon.
You visited 1 branch of the dungeon, and saw 3 of its levels.

You collected 75 gold pieces.

Inventory:

Armour
 a - a +0 robe (worn)
 i - a +0 cloak (worn)
 q - a +2 hat (worn)
Jewellery
 d - an amulet of faith
Wands
 j - a wand of charming (10)
Scrolls
 b - a scroll of vulnerability {unknown}
 c - a scroll of fog {unknown}
 g - 3 scrolls of identify {unknown}
 h - a scroll of acquirement {unknown}
 l - a scroll of magic mapping {unknown}
 p - a scroll of immolation {unknown}
 s - a scroll of blinking {unknown}
Potions
 e - a potion of magic {unknown}
 f - a potion of curing {unknown}
 k - a potion of haste {unknown}
 m - 2 potions of brilliance {unknown}
 n - a potion of heal wounds {unknown}
 o - a potion of cancellation {unknown}
 r - a potion of lignification {unknown}


   Skills:
 + Level 2.4 Dodging
 + Level 2.1 Stealth
 + Level 4.8 Spellcasting


You knew the following spells:

 Your Spells              Type           Power      Damage    Failure   Level
a - Magic Dart            Conj           100%       1d8       1%          1
b - Searing Ray           Conj           52%        2d6       2%          2
c - Dazzling Flash        Conj/Hex       52%        N/A       4%          3
d - Fulminant Prism       Conj/Hex       13%        3d9       14%         4
e - Iskenderun's Mystic   Conj/Tloc      26%        2d7       14%         4
f - Freeze                Ice            100%       1d10      1%          1
g - Poisonous Vapours     Pois/Air       52%        N/A       2%          2
Your spell library was empty.

Dungeon Overview and Level Annotations

Branches:
Dungeon (3/15)

Altars:
Hepliaklqana
Trog

Shops:
D:3 *


Innate Abilities, Weirdness & Mutations

You are immune to sickness and miasma.
You are immune to poison.
Your flesh is very heat resistant. (rF++)
You are vulnerable to cold. (rC-)
You float through the air rather than walking.
You learn spells naturally, not from books.
Your magical power is your life essence.
You have superior vitality. (+4 MHP)


Message History

The ice beast attacks as you move away! The ice beast barely misses you.
Your fulminant prism crackles loudly.
Casting: Fulminant Prism (quite dangerous; 14% risk of failure)
Confirm with . or Enter, or press ? or * to list all spells.
The spell is quite dangerous to miscast (14% risk of failure)!
Continue anyway?
You erupt in a blast of force!
The mystic blast hits the ice beast.
The ice beast is lightly wounded.
The ice beast is knocked back by the mystic blast.
The ice beast slams into the rock wall!
The ice beast is moderately wounded.
You hear a shout! x2
Your fulminant prism explodes!
The blast of energy engulfs the ice beast!
The ice beast is almost dead.
You hear an angry hiss. x2
Unknown command.
Casting: Iskenderun's Mystic Blast (quite dangerous; 14% risk of failure)
Confirm with . or Enter, or press ? or * to list all spells.
The spell is quite dangerous to miscast (14% risk of failure)!
Continue anyway?
You miscast Iskenderun's Mystic Blast.
You are very lightly contaminated with residual magic.
The air around you crackles with energy!
The ice beast hits you. The ice beast freezes you!
You feel a terrible chill!
* * * LOW HITPOINT WARNING * * *
Unknown command.
Casting: Iskenderun's Mystic Blast (quite dangerous; 14% risk of failure)
Confirm with . or Enter, or press ? or * to list all spells.
You don't know that spell.
Casting: Iskenderun's Mystic Blast (quite dangerous; 14% risk of failure)
Confirm with . or Enter, or press ? or * to list all spells.
Aiming: Magic Dart (safe; 1% risk of failure)
Press: ? - help, Shift-Dir - straight line, f - ice beast
Aim: an ice beast (almost dead, 100% to hit)
The magic dart hits the ice beast.
The ice beast is almost dead.
* * * LOW HITPOINT WARNING * * *
The ice beast hits you.
* * * LOW HITPOINT WARNING * * *
The ice beast freezes you!
You feel a terrible chill!
You die...

.......# #..###÷.....
..)##### ###.#..#.###
#..# # #.##.#.#.###
#..## #. .#...........
##..######.#
#.#.##.#.#.###
........##..#
#..####.#....##
...####.# #..# ##..#
#........ #### #.#
#..###..# ####.#....##
######.#
#.(#@Y#.##....#.#.###
##....#.#
#...#.#.#[..†....###
........#
###.###########....[.
##.##.### ##.....#.##
#..###.
#.##.######..###.##.#
#..# #.
##<...........# #.#..#
#..###.
...####.####..###..#)#
#...... ##.# #.#
#...<...#.### #.#.....
...# #.# #.##.##.#...#
##.##.##


You could see an ice beast.

Vanquished Creatures
  Crazy Yiuf (D:2)
  Robin (D:2)
  2 adders
  2 dart slugs
  3 orcs (D:3)
  5 bats
  7 endoplasms
  4 giant cockroaches (D:1)
  18 goblins
  6 hobgoblins
  2 jackals (D:1)
  2 quokkas
  10 ball pythons
  2 frilled lizards
  6 kobolds
  5 rats
76 creatures vanquished.

Vanquished Creatures (others)
  3 fulminant prisms
3 creatures vanquished.

Grand Total: 79 creatures vanquished

Notes
Turn   | Place    | Note
-------+----------+-------------------------------------------
     0 | D:1      | sugarbear the Djinni Conjurer began the quest for the Orb.
     0 | D:1      | sugarbear set off with the following spells memorised:
                  | Magic Dart, Searing Ray, Dazzling Flash, Fulminant Prism,
                  | Iskenderun's Mystic Blast.
     0 | D:1      | Reached XP level 1. HP: 15/15 MP: 0/0
   137 | D:1      | Reached XP level 2. HP: 18/21 MP: 0/0
   310 | D:1      | Reached XP level 3. HP: 25/25 MP: 0/0
   310 | D:1      | Learned a level 1 spell: Freeze
   672 | D:2      | Reached skill level 4 in Spellcasting
   700 | D:2      | Reached XP level 4. HP: 25/31 MP: 0/0
   898 | D:2      | Noticed Robin
   909 | D:2      | Killed Robin
  1122 | D:2      | Found a faded altar of an unknown god.
  1325 | D:2      | Found a runed translucent door.
  1326 | D:2      | Noticed Crazy Yiuf
  1603 | D:2      | Killed Crazy Yiuf
  1604 | D:2      | Reached XP level 5. HP: 22/35 MP: 0/0
  1604 | D:2      | Learned a level 2 spell: Poisonous Vapours
  1687 | D:3      | Found Feisaa's General Store.
  1852 | D:3      | Found a bloodstained altar of Trog.
  2100 | D:3      | Found a hazy altar of Hepliaklqana.
  2278 | D:3      | Noticed an ice beast
  2283 | D:3      | Mangled by an ice beast

Illustrated notes

Levels and vault maps discovered:
D:1:      roderic_crop_circles_arrival_small, layout_basic, st_stairs_12,
          nrook_mini_backslash, minmay_misc_feat_doors, hex_large,
          minmay_pentomino_w2
D:2:      layout_loops_ring, chequers_ecumenical_altar_grove, uniq_robin,
          uniq_crazy_yiuf_cottage
D:3:      minmay_diamond_boxcup, layout_loops_ring,
          nicolae_overflow_crystal_walls, trog_three_pillars_becter,
          mainiacjoe_overflow_boulevard, serial_shops, nicolae_shop_crystal,
          chequers_decorated_corner

Skill      XL: |  1  2  3 |
---------------+----------+-----
Spellcasting   | 4 |  4.8
Stealth        | 2 |  2.1
Dodging        | |  2.4

Action                     |  1- 3 |  4- 6 || total
---------------------------+-------+-------++-------
   Cast: Magic Dart        |    69 |    69 ||   138
         Searing Ray       |       |     3 ||     3
         Iskenderun's Myst |       |     3 ||     3
         Fulminant Prism   |       |     3 ||     3
 Armour: Robe              |     2 |     4 ||     6
  Dodge: Dodged            |     3 |    10 ||    13

Table legend: (Time is in decaauts)
 A = Elapsed time spent in this place.
 B = Non-inter-level travel time spent in this place.
 C = Inter-level travel time spent in this place.
 D = Time resting spent in this place.
 E = Time spent auto-exploring this place.
 F = Levels seen in this place.
 G = Mean time per level.
                   A        B        C        D        E       F      G
               +--------+--------+--------+--------+--------+-----+--------+
         Total |   2282 |   2253 |     29 |    158 |   1770 |   3 |  760.7 |
       Dungeon |   2282 |   2253 |     29 |    158 |   1770 |   3 |  760.7 |
               +--------+--------+--------+--------+--------+-----+--------+

Top non-repeatable levels by time:
     D:2: 1004 daAuts
     D:1: 668 daAuts
     D:3: 609 daAuts
